 Dungeon Crawl Stone Soup version 0.22.0-75-g3901e7991e (webtiles) character file.

70 Riddle the Caller (level 4, -2/24 HPs)
             Began as a Kobold Summoner on Sept 14, 2018.
             Killed by nerve-wracking pain
             ... invoked by an orc priest
              (13 damage)
             ... on level 4 of the Dungeon.
             The game lasted 00:11:40 (3418 turns).

Riddle the Caller (Kobold Summoner)                 Turns: 3418, Time: 00:11:40

Health: -2/24      AC:  3    Str:  5    XL:     4   Next: 45%
Magic:  1/8        EV: 31    Int: 17    God:
Gold:   167        SH:  0    Dex: 15    Spells: 5/9 levels left

rFire    . . .     SeeInvis .   l - +0 hand axe
rCold    . . .     Gourm    .   (shield restricted)
rNeg     . . .     Faith    .   a - +0 robe
rPois    .         Spirit   .   (no helmet)
rElec    .         Reflect  .   (no cloak)
rCorr    .         Harm     .   i - +0 pair of gloves
MR       .....                  (no boots)
Stlth    ++........             d - amulet of the acrobat
HPRegen  0.08/turn              n - ring of wizardry
MPRegen  0.11/turn              k - ring of flight

@: lethally poisoned (-2 -> -6)
A: small, carnivore
a: Evoke Flight


You were on level 4 of the Dungeon.
You were very full.

You visited 1 branch of the dungeon, and saw 4 of its levels.

You collected 167 gold pieces.

Inventory:

Hand Weapons
 l - a +0 hand axe (weapon)
Armour
 a - a +0 robe (worn)
 i - a +0 pair of gloves (worn)
Jewellery
 d - an amulet of the acrobat (around neck)
 k - a ring of flight (right hand)
 n - a ring of wizardry (left hand)
Scrolls
 b - 3 scrolls of remove curse {unknown}
 e - 5 scrolls of identify
 g - a scroll of random uselessness {unknown}
 h - a scroll of magic mapping {unknown}
 m - a scroll of blinking {unknown}
Potions
 f - 2 potions of heal wounds {unknown}
 j - 2 potions of agility {unknown}
 p - a potion of brilliance {unknown}
 q - a potion of cancellation {unknown}
Comestibles
 c - 6 rations


   Skills:
 + Level 3.0 Dodging
 - Level 2.6 Stealth
 + Level 3.3 Spellcasting
 + Level 4.7 Summonings


You had 5 spell levels left.
You knew the following spells:

 Your Spells              Type           Power        Failure   Level  Hunger
a - Summon Small Mammal   Summ           ###.         1%          1    None
b - Call Canine Familiar  Summ           ###.....     2%          3    ###....

Your spell library contained the following spells:

 Spells                   Type           Power        Failure   Level  Hunger
 Call Imp                 Summ           ###.....     1%          2    ##.....
 Summon Guardian Golem    Hex/Summ       ##......     8%          3    ###....
 Summon Ice Beast         Ice/Summ       ##......     26%         4    ####...
 Summon Lightning Spire   Summ/Air       ##......     26%         4    ####...


Dungeon Overview and Level Annotations

Branches:
Dungeon (4/15)
 Temple: D:4-7

Altars:


Innate Abilities, Weirdness & Mutations

You are small and have problems with some larger weapons.
You are carnivorous and can eat meat at any time.


Message History

You feel sick.
Your hound bites the worker ant.
The worker ant completely misses your hound.
Your bat hits the worker ant. The worker ant completely misses you.
Your hound bites the worker ant but does no damage.
The worker ant closely misses your hound.
An orc priest comes into view. It is wielding a mace.
Your bat hits the worker ant.
Your bat hits the worker ant but does no damage.
Your hound bites the worker ant.
Your bat barely misses the worker ant.
Something closely misses your hound.
Found a ring mail.
A giant cockroach and an orc come into view.
You feel sick.
The orc shouts!
Your bat hits the worker ant.
Your hound bites the leopard gecko.
An orc comes into view.
The orc priest calls down the wrath of Beogh upon you.
Pain shoots through your body!
Ouch! That really hurt!
You die...

#.#.. #.#.#.#
#.#.#.#####.
#.#.........
#<#.h.### .
#.#l.a#.####.. #.
#.#b#....o...s
#...#.#a#.##...#.
#[....@........+
#.#.#.....#....#
#...###.......
...... .......
........ ....###
......oso..#.#
............+.#
.....?...o.=.# #


You could see a worker ant, an orc priest, 2 orcs, a leopard gecko, a giant
cockroach, a friendly hound and a friendly bat.

Vanquished Creatures
  An adder (D:3)
  A goblin (D:1)
  A bat (D:1)
3 creatures vanquished.

Vanquished Creatures (collateral kills)
  A hound skeleton (D:2)
  2 adders (D:2)
  4 worms
  A dart slug (D:2)
  A leopard gecko (D:1)
  4 orcs (D:3)
  4 giant cockroaches
  4 goblins
  5 hobgoblins
  2 quokkas (D:3)
  10 bats
  A frilled lizard (D:2)
  5 kobolds
  13 rats
57 creatures vanquished.

Grand Total: 60 creatures vanquished

Notes
Turn   | Place    | Note
-------+----------+-------------------------------------------
     0 | D:1      | Riddle the Kobold Summoner began the quest for the Orb.
     0 | D:1      | Reached XP level 1. HP: 10/10 MP: 3/3
   316 | D:1      | Reached XP level 2. HP: 15/15 MP: 1/5
  1284 | D:2      | Reached XP level 3. HP: 16/19 MP: 0/7
  2453 | D:2      | Learned a level 3 spell: Call Canine Familiar
  2584 | D:3      | Reached XP level 4. HP: 22/24 MP: 0/8
  3418 | D:4      | Killed from afar by an orc priest

Skill      XL: |  1  2  3  4 |
---------------+-------------+-----
Spellcasting   | 3 |  3.3
Dodging        | 3 |  3.0
Stealth        | |  2.6
Summonings     | |  4.7

Action                   |  1- 3 |  4- 6 || total
-------------------------+-------+-------++-------
Melee: Unarmed           |    34 |     5 ||    39
       Hand axe          |       |     7 ||     7
 Cast: Summon Small Mamm |    82 |     9 ||    91
       Call Canine Famil |     2 |     8 ||    10
 Abil: Evoke Flight      |       |     1 ||     1
  Use: Scroll            |     1 |     2 ||     3
  Eat: Chunk             |    13 |     4 ||    17
Armor: Robe              |    10 |     4 ||    14
Dodge: Dodged            |   118 |    26 ||   144
